[Event "1st Bella Italia International 2022"]
[Site "Lignano"]
[Date "2022.08.20"]
[Round "6.12"]
[White "Massironi, Marco"]
[Black "Heredia Serrano, Carla"]
[Result "1-0"]
[ECO "B18"]
[WhiteElo "2200"]
[BlackElo "2090"]
[Annotator "NA RC"]
[PlyCount "53"]
[EventDate "2022.08.18"]
[EventCountry "ITA"]
[SourceTitle "playchess.com"]
[Source "ChessBase"]
[SourceQuality "1"]
[TimeControl "5400+30"]

1. e4 c6 2. d4 d5 3. Nc3 dxe4 4. Nxe4 Bf5 5. Bd3 Qxd4 6. Nf3 Qd8 7. Qe2 e6 8. O-O Bxe4 9. Bxe4 Nf6 10. Bf4 Be7 11. Rad1 Qa5 12. Ne5 Na6 13. Nxc6 bxc6 14. Bxc6+ Kf8 15. Bxa8 h6 16. Bf3 Kg8 17. a3 Kh7 18. b4 Qf5 19. Be3 Nc7 20. c4 e5 21. g3 Ne6 22. Bg2 a6 23. f4 e4 24. Bd4 a5 25. Bxf6 Qxf6 26. Qxe4+ g6 27. f5 1-0

[Event "1st Bella Italia International 2022"]
[Site "Lignano"]
[Date "2022.08.20"]
[Round "6.13"]
[White "Etxagibel Larranaga, Asier"]
[Black "Titze, Leo"]
[Result "1/2-1/2"]
[ECO "A36"]
[WhiteElo "2118"]
[BlackElo "2071"]
[Annotator "NA RC"]
[PlyCount "48"]
[EventDate "2022.08.18"]
[EventCountry "ITA"]
[SourceTitle "playchess.com"]
[Source "ChessBase"]
[SourceQuality "1"]
[TimeControl "5400+30"]

1. c4 c5 2. g3 g6 3. Bg2 Bg7 4. Nc3 Nc6 5. e3 e6 6. Nge2 Nge7 7. O-O O-O 8. d4 d6 9. b3 b6 10. Bb2 Bb7 11. Qd2 cxd4 12. Nxd4 Qd7 13. Nxc6 Bxc6 14. Ne4 Bxe4 15. Bxe4 Bxb2 16. Qxb2 Rac8 17. Rfd1 Rfd8 18. Rd2 Qc7 19. Rad1 Rd7 20. h4 Qc5 21. Bf3 h5 22. Qf6 Rcd8 23. g4 hxg4 24. Bxg4 Nf5 1/2-1/2

[Event "1st Bella Italia International 2022"]
[Site "Lignano"]
[Date "2022.08.20"]
[Round "6.14"]
[White "Cino, Giuseppe Adalberto"]
[Black "Della Pietra, Andrea"]
[Result "1/2-1/2"]
[ECO "C25"]
[WhiteElo "1976"]
[BlackElo "2172"]
[Annotator "TA"]
[PlyCount "75"]
[EventDate "2022.08.18"]
[EventCountry "ITA"]
[SourceTitle "playchess.com"]
[Source "ChessBase"]
[SourceQuality "1"]
[TimeControl "5400+30"]

1. e4 d6 2. Nc3 e5 3. Nge2 Nf6 4. g3 h5 5. h3 c5 6. Bg2 {[%emt 0:00:24] [#] C25: Vienna Game: Alternatives to 2...Nf6.} Be6 $146 ({Predecessor:} 6... h4 7. g4 Nc6 8. d3 Nd4 9. Bg5 Be7 10. Nxd4 cxd4 11. Ne2 Qb6 12. Qc1 Be6 {0-1 (37) Hinrichs,L (2205)-Lubbe,N (2496) Lueneburg 2015}) 7. d3 Qd7 8. f4 {[%emt 0:09:32] And now f5 would win. White is slightly better.} g6 {[%emt 0:15:40] Inhibits f5.} 9. Be3 (9. Rf1 $1 $16) 9... Nc6 $14 10. Qd2 Be7 11. Nd5 Bxd5 12. exd5 Nd4 13. c3 (13. O-O-O $14) 13... Nf5 $11 14. Bf2 O-O-O 15. O-O-O (15. b4 $14) 15... Qa4 (15... Bf8 $11) 16. Kb1 $14 exf4 {[%emt 0:00:25] [#]} 17. Nxf4 ({But not} 17. Qxf4 Qxf4 18. Nxf4 Bf8 $11) (17. b3 $1 $16 Qd7 18. Qxf4) 17... Nd7 (17... Bf8 $11) 18. Be4 Ng7 19. d4 c4 {[%emt 0:02:21] [#]} 20. Qe2 (20. Bc2 $1 $16 Qb5 21. a4) 20... Rde8 $11 21. Bc2 Qa6 (21... Qb5 $11) 22. Qf3 $16 {[%emt 0:00:09] White is more active.} Bg5 23. Ng2 Re7 (23... Rhf8 $142) 24. g4 (24. Rhe1 $142 {Hoping for Rxe7.} Rxe1 25. Rxe1) 24... Nf6 $2 (24... Qa5 $16) 25. gxh5 $2 ({Better is} 25. Be3 $18 Rxe3 26. Nxe3) 25... Ngxh5 $11 26. Rhe1 Rhe8 (26... Rc7 $11) 27. Be3 (27. Rxe7 $1 $14 Rxe7 28. Ne3) 27... Bxe3 28. Rxe3 Qb5 29. Rde1 (29. Rxe7 $11 {keeps the balance.} Rxe7 30. Ne3) 29... Qxd5 $17 30. Qf1 Rxe3 31. Nxe3 Qe6 32. Ng2 (32. Kc1 $142) 32... Qxh3 {[%emt 0:01:10] ...Rxe1+ is the strong threat.} 33. Qxc4+ Kd8 34. Rxe8+ Nxe8 35. Be4 Qg4 36. Qd3 {[%emt 0:00:18] Prevents Qd1+.} Qd7 37. Qf3 Kc8 38. a3 {[%emt 0:00:28] Weighted Error Value: White=0.39/Black=0.28 (precise)} 1/2-1/2

[Event "1st Bella Italia International 2022"]
[Site "Lignano"]
[Date "2022.08.20"]
[Round "6.15"]
[White "Zuttioni, Federico"]
[Black "Tencati, Giuseppe"]
[Result "1-0"]
[ECO "B12"]
[WhiteElo "2161"]
[BlackElo "2055"]
[Annotator "ChessBase"]
[PlyCount "67"]
[EventDate "2022.08.18"]
[EventCountry "ITA"]
[SourceTitle "playchess.com"]
[Source "ChessBase"]
[SourceQuality "1"]
[TimeControl "5400+30"]

1. e4 c6 2. d4 d5 3. e5 Bf5 4. Nf3 e6 5. Be2 c5 6. Be3 Qb6 7. Nc3 Nc6 8. dxc5 Bxc5 9. Bxc5 Qxc5 10. Nb5 Kf8 11. c3 Nge7 12. O-O Bg4 13. Nfd4 Nxd4 14. Nxd4 Bxe2 15. Qxe2 Nc6 16. Rad1 g6 17. Qe3 Kg8 18. Rfe1 h6 19. Nxc6 Qxc6 20. Rd4 Qc5 21. c4 Rd8 22. Red1 Kg7 23. Qf4 Qe7 24. h3 Qg5 25. Qxg5 hxg5 26. cxd5 exd5 27. Rxd5 Rxd5 28. Rxd5 Rc8 29. Rd7 Rc1+ 30. Kh2 Rc2 31. Rxb7 Rxf2 32. e6 Re2 33. Rxf7+ Kg8 34. Rxa7 1-0

[Event "1st Bella Italia International 2022"]
[Site "Lignano"]
[Date "2022.08.20"]
[Round "6.16"]
[White "Sala, Giulia"]
[Black "Bettalli, Francesco"]
[Result "1/2-1/2"]
[ECO "B34"]
[WhiteElo "1958"]
[BlackElo "2237"]
[Annotator "NA RC"]
[PlyCount "61"]
[EventDate "2022.08.18"]
[EventCountry "ITA"]
[SourceTitle "playchess.com"]
[Source "ChessBase"]
[SourceQuality "1"]
[TimeControl "5400+30"]

1. e4 c5 2. Nf3 Nc6 3. d4 cxd4 4. Nxd4 g6 5. Nc3 Bg7 6. Be3 Nf6 7. Be2 O-O 8. O-O d5 9. exd5 Nb4 10. Nb3 Bf5 11. Nd4 Bc8 12. Nb3 Nfxd5 13. Nxd5 Qxd5 14. c3 Qxd1 15. Raxd1 Nc6 16. Nd4 Nxd4 17. Bxd4 Be6 18. b3 b6 19. Bf3 Rac8 20. c4 Rfd8 21. Bxg7 Kxg7 22. Rfe1 Kf6 23. Kf1 g5 24. g3 Bh3+ 25. Ke2 Bf5 26. Ke3 Bc2 27. Rd2 Bg6 28. Red1 Rxd2 29. Rxd2 Bf5 30. Be4 Bxe4 31. Kd4 1/2-1/2

[Event "1st Bella Italia International 2022"]
[Site "Lignano"]
[Date "2022.08.20"]
[Round "6.17"]
[White "Marson, Roy"]
[Black "Haller, Quentin"]
[Result "1/2-1/2"]
[ECO "D40"]
[WhiteElo "1959"]
[BlackElo "1995"]
[Annotator "NA RC"]
[PlyCount "91"]
[EventDate "2022.08.18"]
[EventCountry "ITA"]
[SourceTitle "playchess.com"]
[Source "ChessBase"]
[SourceQuality "1"]
[TimeControl "5400+30"]

1. e4 c6 2. d4 d5 3. exd5 cxd5 4. c4 Nf6 5. Nc3 e6 6. Nf3 Nc6 7. a3 Be7 8. Bd3 dxc4 9. Bxc4 O-O 10. O-O Qc7 11. Bb3 Rd8 12. Re1 b6 13. Nb5 Qb8 14. Ne5 Nxe5 15. Bf4 Nfd7 16. Rxe5 Nxe5 17. Bxe5 Qxe5 18. dxe5 Rxd1+ 19. Rxd1 a6 20. Nd6 Kf8 21. f4 Rb8 22. Kf2 Bxd6 23. Rxd6 Ke7 24. Ke3 Bd7 25. g4 a5 26. h4 b5 27. Bc2 b4 28. f5 Rc8 29. Be4 bxa3 30. bxa3 Rc3+ 31. Rd3 Rc7 32. Kf4 h6 33. Rd4 Bc8 34. Bd3 Rc3 35. Bb5 exf5 36. gxf5 Rxa3 37. Rc4 Rb3 38. Rxc8 Rxb5 39. Rc7+ Ke8 40. f6 Rb4+ 41. Kg3 gxf6 42. exf6 Rb6 43. Re7+ Kf8 44. Ra7 Rxf6 45. Rxa5 Kg7 46. Kg4 1/2-1/2

[Event "1st Bella Italia International 2022"]
[Site "Lignano"]
[Date "2022.08.20"]
[Round "6.18"]
[White "Cassi, Elisa"]
[Black "Perossa, Nicolas"]
[Result "0-1"]
[ECO "C78"]
[WhiteElo "1922"]
[BlackElo "2107"]
[Annotator "NA RC"]
[PlyCount "54"]
[EventDate "2022.08.18"]
[EventCountry "ITA"]
[SourceTitle "playchess.com"]
[Source "ChessBase"]
[SourceQuality "1"]
[TimeControl "5400+30"]

1. e4 e5 2. Nf3 Nc6 3. Bb5 a6 4. Ba4 Nf6 5. O-O b5 6. Bb3 Bc5 7. c3 d6 8. d4 Bb6 9. a4 Rb8 10. d5 Ne7 11. axb5 axb5 12. Qd3 O-O 13. Be3 Bxe3 14. Qxe3 Ng6 15. Rc1 Ng4 16. Qd2 f5 17. Ng5 fxe4 18. Nxe4 Nxh2 19. Qg5 Qxg5 20. Nxg5 Ng4 21. f3 Nf4 22. Rc2 Ne3 23. Rd2 Rf6 24. g4 Bb7 25. Na3 Bxd5 26. Bxd5+ Nfxd5 27. Nxb5 Rxb5 0-1

[Event "1st Bella Italia International 2022"]
[Site "Lignano"]
[Date "2022.08.20"]
[Round "6.19"]
[White "Rotolante, Luca"]
[Black "Olabe Odriozola, Eduardo"]
[Result "0-1"]
[ECO "A87"]
[WhiteElo "2010"]
[BlackElo "1946"]
[Annotator "NA RC"]
[PlyCount "104"]
[EventDate "2022.08.18"]
[EventCountry "ITA"]
[SourceTitle "playchess.com"]
[Source "ChessBase"]
[SourceQuality "1"]
[TimeControl "5400+30"]

1. d4 f5 2. Nf3 g6 3. g3 Bg7 4. Bg2 Nf6 5. O-O O-O 6. c4 d6 7. b3 Ne4 8. Bb2 Nd7 9. Qc1 c6 10. e3 Qc7 11. Nbd2 Ndf6 12. Nxe4 Nxe4 13. Ne1 Bd7 14. Nd3 Rae8 15. c5 Kh8 16. cxd6 exd6 17. d5 c5 18. Bxg7+ Kxg7 19. Qb2+ Kg8 20. Nf4 b5 21. Rfe1 b4 22. Bf1 Qd8 23. a3 a5 24. axb4 axb4 25. Ra7 Re7 26. Rea1 Nc3 27. Bc4 Qe8 28. h4 h6 29. R1a6 g5 30. Ng2 Qg6 31. Qd2 Ne4 32. Qc1 f4 33. exf4 gxf4 34. Nxf4 Rxf4 35. Qxf4 Rf7 36. Qe3 Nxf2 37. Rxd7 Qb1+ 38. Bf1 Nh3+ 39. Kh2 Qxf1 40. Rd8+ Kg7 41. Ra2 Nf2 42. Rxf2 Rxf2+ 43. Qxf2 Qxf2+ 44. Kh3 Qf5+ 45. Kh2 Qxd5 46. Rd7+ Kg6 47. g4 Qe6 48. h5+ Kg5 49. Rg7+ Kh4 50. Rg6 Qe2+ 51. Kg1 Kg3 52. Rxh6 Qe1# 0-1

[Event "1st Bella Italia International 2022"]
[Site "Lignano"]
[Date "2022.08.20"]
[Round "6.20"]
[White "Arana Garate, Jon"]
[Black "Bartolozzi, Roberto"]
[Result "1-0"]
[ECO "D02"]
[WhiteElo "1933"]
[BlackElo "1967"]
[Annotator "NA RC"]
[PlyCount "85"]
[EventDate "2022.08.18"]
[EventCountry "ITA"]
[SourceTitle "playchess.com"]
[Source "ChessBase"]
[SourceQuality "1"]
[TimeControl "5400+30"]

1. d4 d5 2. Bf4 Nf6 3. e3 e6 4. Nd2 Bd6 5. Bg3 c5 6. c3 Nc6 7. Ngf3 Qe7 8. Ne5 Bxe5 9. dxe5 Nd7 10. Nf3 f6 11. Bb5 O-O 12. Bxc6 bxc6 13. Qa4 Nxe5 14. Nxe5 fxe5 15. Bxe5 Bd7 16. O-O Be8 17. b4 cxb4 18. cxb4 Rf5 19. f4 Qb7 20. Qb3 Rc8 21. Rac1 Qd7 22. Rc5 Qe7 23. Qc3 Rd8 24. Rc1 Rf7 25. a4 Qb7 26. Qd4 Qa6 27. Ra1 Qb6 28. Qc3 a6 29. b5 Rc8 30. a5 Qb7 31. b6 Bd7 32. Rf1 Be8 33. Rf3 Qd7 34. Qd3 Qe7 35. Qc2 Rf5 36. g4 Rxe5 37. fxe5 Bg6 38. Qc3 Be4 39. Rf4 g5 40. Rf6 d4 41. exd4 Rf8 42. Qe3 Qd8 43. Rf4 1-0

[Event "1st Bella Italia International 2022"]
[Site "Lignano"]
[Date "2022.08.21"]
[Round "7.1"]
[White "Visakh N R"]
[Black "Ghosh, Diptayan"]
[Result "1/2-1/2"]
[ECO "D02"]
[WhiteElo "2503"]
[BlackElo "2538"]
[Annotator "TA"]
[PlyCount "41"]
[EventDate "2022.08.18"]
[EventCountry "ITA"]
[SourceTitle "playchess.com"]
[Source "ChessBase"]
[SourceQuality "1"]
[TimeControl "5400+30"]

1. d4 Nf6 2. Nf3 d5 3. Bf4 e6 4. e3 c5 5. c3 Nc6 6. Bd3 Bd6 7. Bg3 O-O 8. Nbd2 Qe7 9. Ne5 Nd7 10. Nxd7 {[%emt 0:00:38] D02: 1 d4 d5 2 Nf3 sidelines, including 2...Nf6 3 g3 and 2...Nf6 3 Bf4.} ({Much worse is} 10. Qh5 g6 11. Nxc6 bxc6 $15) 10... Qxd7 11. Bxd6 (11. dxc5 {keeps more tension.} Bxc5 12. Nf3 f6 13. b4) 11... Qxd6 12. dxc5 Qxc5 13. Bxh7+ Kxh7 14. Qh5+ Kg8 {[%emt 0:00:04] [#] Threatens to win with ...Qb5.} 15. Ne4 $1 {[%emt 0:00:08] The position is equal.} g6 $1 {[%emt 0:00:06] White must now prevent ...Qe7.} 16. Qg5 ({Don't go for} 16. Nf6+ $2 Kg7 17. Qg5 Rh8 $19) 16... Qe7 (16... Qb6 $5 17. Nf6+ Kg7 18. Nh5+ Kh7 $11) 17. Nf6+ Kg7 18. Nh5+ Kh7 (18... Kg8 $5 19. Nf6+ Kg7 20. Nh5+ Kh7 21. Nf6+ Kg7 $11) 19. Nf6+ Kg7 20. Nh5+ {[%emt 0:00:06] [#]} Kh7 $146 (20... Kg8 $5 21. Nf6+ Kg7 $11) ({Predecessor:} 20... Kg8) 21. Nf6+ {[%emt 0:00:06] Weighted Error Value: White=0.03 (flawless) /Black=0.01 (flawless)} 1/2-1/2

[Event "1st Bella Italia International 2022"]
[Site "Lignano"]
[Date "2022.08.21"]
[Round "7.2"]
[White "Aaron, Deepak"]
[Black "Karthik Venkataraman"]
[Result "1/2-1/2"]
[ECO "B87"]
[WhiteElo "2221"]
[BlackElo "2483"]
[Annotator "TA"]
[PlyCount "89"]
[EventDate "2022.08.18"]
[EventCountry "ITA"]
[SourceTitle "playchess.com"]
[Source "ChessBase"]
[SourceQuality "1"]
[TimeControl "5400+30"]

1. e4 c5 2. Nc3 a6 3. Nf3 d6 4. d4 cxd4 5. Nxd4 Nf6 6. Bc4 e6 7. Bb3 b5 8. O-O Be7 9. f4 O-O 10. e5 dxe5 11. fxe5 Nfd7 $1 12. Nf3 {[%emt 0:06:21] B87: Sicilian Scheveningen/Najdorf: 6 Bc4, with early ...b5.} Nc6 13. Bf4 Nc5 {[%emt 0:01:27] [#] Inhibits Ne4.} 14. Qe1 $146 {[%emt 0:01:13] Black is slightly better.} ({Predecessor:} 14. Qxd8 Rxd8 15. Rad1 Bb7 16. Rxd8+ Rxd8 17. Rd1 Rxd1+ 18. Nxd1 Nb4 19. a3 Nxb3 20. cxb3 {0-1 (50) Apitzsch,M-Womacka,M DDR 1988}) 14... Nd4 15. Rd1 {[%emt 0:11:23] [#]} Nxf3+ 16. Rxf3 Qc7 17. Qg3 Rd8 18. Rxd8+ ({Much worse is} 18. Bh6 Rxd1+ 19. Nxd1 Bf8 $17) 18... Qxd8 19. Bh6 Bf8 20. Bg5 Qd4+ 21. Be3 Qd7 22. Qh4 Be7 (22... g6 $17) 23. Qf4 $11 Bf8 ({Black should try} 23... Qe8 $11) 24. Qh4 $1 $17 {[%emt 0:00:33] [#]} Be7 (24... g6 $1 $17) 25. Qf4 $11 Qe8 26. Ne4 Nxe4 27. Qxe4 Bd7 {[%emt 0:00:07] Strongly threatening ...Bc6.} 28. Rg3 Bc6 29. Qg4 g6 30. h4 Rd8 31. h5 {[%emt 0:02:17] The position is equal.} Bd5 32. Bg5 Bxb3 33. axb3 Bxg5 34. Qxg5 {[%emt 0:00:04][%mdl 4096] Endgame KQR-KQR} Rd1+ 35. Kh2 Qd8 36. Qxd8+ Rxd8 {[%emt 0:00:03] KR-KR} 37. h6 Rd4 38. Kh3 Rd1 39. Kg4 Kf8 40. Rc3 $1 {[%emt 0:00:12] And now Rc8+ would win.} Rh1 41. Rc8+ Ke7 42. Rc7+ Kf8 43. Rc8+ $1 Ke7 44. Rc7+ Kf8 45. Rc8+ $1 {[%emt 0:01:29] Weighted Error Value: White=0.05 (flawless) /Black=0.11 (very precise)} 1/2-1/2

[Event "1st Bella Italia International 2022"]
[Site "Lignano"]
[Date "2022.08.21"]
[Round "7.3"]
[White "Das, Sayantan"]
[Black "Jonkman, Harmen"]
[Result "1-0"]
[ECO "C65"]
[WhiteElo "2449"]
[BlackElo "2373"]
[Annotator "TA"]
[PlyCount "93"]
[EventDate "2022.08.18"]
[EventCountry "ITA"]
[SourceTitle "playchess.com"]
[Source "ChessBase"]
[SourceQuality "1"]
[TimeControl "5400+30"]

1. e4 e5 2. Nf3 Nc6 3. Bb5 Nf6 4. d3 d6 5. O-O Be7 6. c3 O-O {[%emt 0:01:15] C65: Ruy Lopez: Berlin Defence (3...Nf6), unusual lines and 4 0-0 Bc5.} 7. h3 Bd7 8. Re1 h6 {[%emt 0:02:20] White is slightly better.} 9. Ba4 Nh7 10. d4 Bf6 {[%emt 0:06:58] [#]} 11. Be3 $146 ({Predecessor:} 11. d5 Ne7 12. c4 Ng6 13. Nc3 Bc8 14. Be3 Bg5 15. Nxg5 Nxg5 16. Qh5 a6 17. a3 {½-½ (67) Pitl,G (2410)-Jacobsen,B (2323) Borup 2008}) 11... Qe8 12. Bc2 Ne7 13. Nbd2 Ng6 14. Nf1 Ng5 15. N3h2 Ne6 16. Ng3 Bg5 17. Nf5 f6 18. Nf1 Kh7 19. Bb3 (19. g3 $16) 19... Bxe3 $14 20. N1xe3 Ngf4 21. Ng3 a5 22. a4 Qb8 23. Nd5 Qa7 24. Nh5 Nxh5 $1 25. Qxh5 g6 26. Qh4 Kg7 27. Qg3 Rae8 28. h4 c6 29. Ne3 {[%emt 0:01:49] Black must now prevent Nf5+. White is more active.} Nf4 30. Nf5+ (30. Bc2 $14) 30... Bxf5 $11 31. exf5 Qb6 32. Bc4 d5 33. Bf1 Qc7 34. c4 ({Better is} 34. fxg6 $14 h5 35. Rab1) 34... g5 35. Qg4 {[%emt 0:01:52] Hoping for hxg5.} dxc4 (35... exd4 36. hxg5 fxg5 37. Rxe8 Rxe8 38. g3 $16) 36. Bxc4 {[%emt 0:00:44] Threatens to win with hxg5.} h5 37. Qg3 Qd7 $2 (37... Kh6 $1 $11 {and Black is okay.}) 38. hxg5 $18 Qxf5 39. gxf6+ Kxf6 40. dxe5+ Rxe5 {[%emt 0:00:01] [#]} 41. Rad1 {[%emt 0:00:27] The board is on fire.} (41. Qc3 $1 $16) 41... Rfe8 $2 {[%emt 0:01:02][%mdl 8192] A mistake that costs the game.} (41... Qg4 $14) 42. Rd6+ {[%emt 0:00:23] White is clearly winning.} Ke7 43. Rxe5+ (43. Red1 Rd5 44. R6xd5 cxd5 45. Qg7+ Kd6 $18) 43... Qxe5 {[%emt 0:00:02] [#]} 44. Re6+ Qxe6 45. Qg7+ {[%emt 0:00:05][%mdl 64] Skewer} ({Don't blunder} 45. Qxf4 $2 Qe1+ 46. Bf1 (46. Kh2 $2 Kd7 $19) 46... Rd8 47. Qc7+ Rd7 $19) 45... Kd6 46. Bxe6 Rxe6 47. Qxb7 {[%emt 0:00:46] Weighted Error Value: White=0.09 (flawless) /Black=0.27 (precise)} 1-0

[Event "1st Bella Italia International 2022"]
[Site "Lignano"]
[Date "2022.08.21"]
[Round "7.4"]
[White "Sonis, Francesco"]
[Black "Player, Edmund C"]
[Result "1-0"]
[ECO "A06"]
[WhiteElo "2543"]
[BlackElo "2202"]
[Annotator "TA"]
[PlyCount "95"]
[EventDate "2022.08.18"]
[EventCountry "ITA"]
[SourceTitle "playchess.com"]
[Source "ChessBase"]
[SourceQuality "1"]
[TimeControl "5400+30"]

1. Nf3 d5 2. e3 g6 3. c4 dxc4 4. Bxc4 Bg7 5. Qb3 e6 6. d4 {[%emt 0:00:09] A06: Réti Opening: 1 Nf3 d5.} Nf6 7. Qa3 Nc6 {[%emt 0:12:41] [#]} 8. O-O $146 {[%emt 0:00:15] White is slightly better.} ({Predecessor:} 8. b4 Bf8 9. Bd2 Nd5 10. Bxd5 Qxd5 11. Qa4 b5 12. Qb3 Nxb4 13. O-O Qxb3 14. axb3 {0-1 (28) Nielsen,J-Holm Pedersen,S Aarhus 1966}) 8... a6 9. Nc3 Qe7 10. Qxe7+ Nxe7 11. e4 O-O 12. Bf4 Ra7 13. Bd3 b6 14. Rac1 Rd8 15. Bb1 Nh5 16. Bg5 Kf8 17. Rfd1 Bb7 18. Ne2 Ba8 19. Ng3 Nxg3 20. hxg3 c6 21. Rd3 h6 22. Be3 g5 23. Rb3 Nc8 (23... c5 $11) 24. e5 $14 Kg8 25. Nd2 Rc7 (25... Ne7 $14) 26. Be4 b5 27. Ra3 Bb7 28. Rac3 Ne7 29. Nb3 Bf8 30. Na5 Ba8 31. R3c2 Rdc8 32. g4 Kg7 33. a3 {[%emt 0:00:00] 0x0.0024e386c3b8dp-1022s more active pieces.} Ng6 34. g3 (34. Bxc6 Ne7 $14) 34... f6 (34... c5 $16 35. Bxa8 Rxa8) 35. exf6+ $18 (35. Nxc6 Ne7) 35... Kxf6 36. Nb3 ({Much less strong is} 36. Nxc6 Bxc6 37. Rxc6 (37. Bxc6 Ne7 $16) 37... Rxc6 38. Bxc6 (38. Rxc6 Rxc6 39. Bxc6 b4 $16) 38... Bd6 $16) 36... Kf7 37. Bd2 ({Better is} 37. d5 $18) 37... Bg7 $2 {[%emt 0:00:21] [#] This costs Black the game.} (37... c5 $16 38. Bxa8 Rxa8) 38. d5 Be5 $2 (38... exd5 {was necessary.} 39. Bxd5+ Ke8) 39. dxe6+ Kf6 40. Nc5 Nf8 41. Nd7+ Nxd7 42. exd7 Rd8 {[%emt 0:01:50] [#]} (42... Rxd7 43. Bf5 Rcd8 44. Bxd7 Rxd7) 43. Ba5 {[%emt 0:00:00] White is clearly winning.} Rdxd7 44. Bxc7 Rxc7 45. Bxc6 Bxc6 46. Rxc6+ Rxc6 47. Rxc6+ Kg7 48. b4 {[%emt 0:00:00] Weighted Error Value: White=0.18 (very precise) /Black=0.43} 1-0

[Event "1st Bella Italia International 2022"]
[Site "Lignano"]
[Date "2022.08.21"]
[Round "7.5"]
[White "Lumachi, Gabriele"]
[Black "Gelle, Istvan"]
[Result "1-0"]
[ECO "D15"]
[WhiteElo "2355"]
[BlackElo "2218"]
[Annotator "ChessBase"]
[PlyCount "57"]
[EventDate "2022.08.18"]
[EventCountry "ITA"]
[SourceTitle "playchess.com"]
[Source "ChessBase"]
[SourceQuality "1"]
[TimeControl "5400+30"]

1. d4 d5 2. c4 c6 3. Nf3 Nf6 4. Nc3 a6 5. e3 b5 6. b3 Bg4 7. h3 Bxf3 8. Qxf3 e5 9. dxe5 Bb4 10. Bd2 Bxc3 11. Bxc3 Ne4 12. Bb4 bxc4 13. e6 Ra7 14. bxc4 fxe6 15. Bd3 c5 16. Bxe4 Rf8 17. Qh5+ g6 18. Bxg6+ hxg6 19. Qxg6+ Rff7 20. Bd2 Rae7 21. O-O Nc6 22. cxd5 Ne5 23. Qg8+ Rf8 24. Qg3 exd5 25. Bc3 Qd6 26. Rab1 Re6 27. Kh1 Rf5 28. Qg8+ Rf8 29. Rb8+ 1-0

[Event "1st Bella Italia International 2022"]
[Site "Lignano"]
[Date "2022.08.21"]
[Round "7.6"]
[White "Zeller, Frank"]
[Black "Massironi, Marco"]
[Result "1-0"]
[ECO "D86"]
[WhiteElo "2356"]
[BlackElo "2200"]
[Annotator "ChessBase"]
[PlyCount "77"]
[EventDate "2022.08.18"]
[EventCountry "ITA"]
[SourceTitle "playchess.com"]
[Source "ChessBase"]
[SourceQuality "1"]
[TimeControl "5400+30"]

1. d4 Nf6 2. c4 g6 3. Nc3 d5 4. cxd5 Nxd5 5. e4 Nxc3 6. bxc3 Bg7 7. Bc4 O-O 8. Be3 Nc6 9. Qd2 Na5 10. Bd3 e5 11. Nf3 exd4 12. cxd4 c5 13. Bg5 f6 14. Be3 cxd4 15. Bxd4 Be6 16. O-O Rf7 17. Bc3 Rd7 18. Rfd1 Nc6 19. Qe2 Qe7 20. Bc4 Rad8 21. Rxd7 Rxd7 22. h4 a6 23. h5 b5 24. Bxe6+ Qxe6 25. Rc1 Bh6 26. Re1 Ne5 27. Bxe5 fxe5 28. Qb2 Bf4 29. hxg6 hxg6 30. g3 Rd3 31. Qe2 Ra3 32. Rd1 Bh6 33. Rd8+ Bf8 34. Ng5 Qb6 35. Qg4 Qxd8 36. Qe6+ Kg7 37. Qf7+ Kh6 38. Qh7+ Kxg5 39. Qh4# 1-0

[Event "1st Bella Italia International 2022"]
[Site "Lignano"]
[Date "2022.08.21"]
[Round "7.7"]
[White "Priyanka Nutakki"]
[Black "Zuttioni, Federico"]
[Result "1-0"]
[ECO "A47"]
[WhiteElo "2308"]
[BlackElo "2161"]
[Annotator "TA"]
[PlyCount "67"]
[EventDate "2022.08.18"]
[EventCountry "ITA"]
[SourceTitle "playchess.com"]
[Source "ChessBase"]
[SourceQuality "1"]
[TimeControl "5400+30"]

1. d4 Nf6 2. Nf3 b6 3. Bf4 Bb7 4. e3 e6 5. Bd3 Be7 6. h3 O-O 7. Nbd2 c5 8. c3 cxd4 9. exd4 d6 10. O-O Re8 {[%emt 0:01:48] A47: 1 d4 Nf6 2 Nf3 b6: Torre, London and Colle Systems.} 11. Re1 Nbd7 12. a4 a6 {[%emt 0:00:52] The position is equal.} 13. Bh2 Nf8 14. Nc4 Ng6 15. a5 b5 16. Nb6 Ra7 17. b3 {[%emt 0:05:42] [#]} Nd7 $146 ({Predecessor:} 17... Nd5 18. Nxd5 Bxd5 19. c4 bxc4 20. bxc4 Ba8 21. d5 Bf6 22. Ra3 exd5 23. Rxe8+ Qxe8 24. cxd5 Bxd5 25. Bxg6 Bxf3 26. Bxh7+ Kxh7 27. Rxf3 {1-0 (53) Kramnik,V (2777)-Duda,J (2658) Berlin 2015}) 18. Nxd7 Qxd7 19. c4 bxc4 20. bxc4 Bf6 21. Be2 Rc8 22. Qd3 Ne7 23. Rac1 Qd8 24. Qd2 h6 25. Bf4 Nf5 (25... Bxf3 $11 26. Bxf3 d5) 26. d5 $1 $14 e5 ({Black should try} 26... exd5 $1 $14 27. cxd5 Raa8) 27. Bd3 {[%emt 0:00:17] White is more active.} Ne7 {[%emt 0:01:08] Black cannot hold the game after this.} (27... exf4 $16 28. Bxf5 Rc5) 28. Be3 $18 Raa8 29. Rb1 Qc7 30. Rb6 Rcb8 31. Reb1 {[%emt 0:00:35] [#] Strongly threatening Qb4.} Bc8 $2 (31... Nc8 32. R6b4 Ne7) 32. c5 {[%emt 0:04:06] White is clearly winning.} Nf5 33. c6 Ne7 34. Rxb8 {[%emt 0:02:29] Weighted Error Value: White=0.08 (flawless) /Black=0.38} 1-0